Map: Rhoskallian LE

Players

qqq

  • Race: Zerg Zerg
  • League: Platinum
  • Spawn Location: 11:00

Massa

  • Race: Terran Terran
  • League: Platinum
  • Spawn Location: 12:00

Koronawirus - Winner!

  • Race: Protoss Protoss
  • Spawn Location: 6:00

kotprezesa - Winner!

  • Race: Terran Terran
  • Spawn Location: 5:00

VOD

Have the link to the VOD?

Description

Time

  • Played on: Sept. 25, 2020, 5:24 p.m.
  • Length: 18:56
Show
View Real Time Build Order
Export as new Build Order

qqq Zerg 

Build Orders: Hatch First, Brood Lord Corruptor 

Get SALT Encoding   

  12  0:10  Drone x2  
  14  0:42  Hatchery  
  13  0:43  Drone  
  14  1:03  Spawning Pool  
  13  1:05  Overlord  
  13  1:10  Drone  
  14  1:13  Extractor  
  14  1:17  Drone  
  14  1:41  Drone x3  
  14  1:44  Extractor  
  16  1:55  Drone  
  16  1:56  Queen  
  16  1:58  Drone  
  20  2:07  Drone  
  21  2:19  Drone  
  21  2:20  Drone x2  
  24  2:28  Drone  
  25  2:30  Drone  
  25  2:33  Lair  
  26  2:37  Extractor  
  26  2:38  Drone  
  26  2:40  Drone  
  27  2:51  Overlord  
  27  2:59  Drone  
  28  3:07  Overlord  
  28  3:08  Metabolic Boost  
  28  3:09  Queen  
  28  3:11  Drone  
  31  3:14  Drone  
  32  3:21  Drone x2  
  32  3:23  Zergling x2  
  32  3:25  Drone  
  32  3:27  Extractor  
  35  3:30  Extractor  
  35  3:33  Drone  
  35  3:46  Drone  
  35  3:48  Zergling x2, Spire  
  36  3:49  Drone  
  36  3:51  Drone  
  38  3:57  Drone  
  39  4:06  Drone  
  40  4:11  Zergling x2  
  40  4:12  Zergling x2  
  42  4:33  Drone  
  42  4:34  Zergling x2  
  44  4:39  Overlord x3  
  44  4:50  Hatchery  
  44  4:51  Overlord x2  
  43  4:55  Drone  
  43  4:57  Drone x2  
  43  4:59  Mutalisk  
  46  5:04  Mutalisk  
  50  5:07  Drone  
  50  5:11  Drone  
  50  5:18  Mutalisk x2  
  55  5:21  Drone  
  55  5:25  Drone  
  56  5:33  Zerg Flyer Weapons Level 1  
  56  5:34  Mutalisk  
  58  5:36  Drone  
  58  5:38  Mutalisk  
  61  5:47  Mutalisk x2  
  65  5:50  Drone x2  
  65  5:55  Mutalisk  
  65  5:56  Mutalisk  
  71  6:01  Drone x2  
  71  6:02  Drone  
  75  6:04  Drone  
  75  6:06  Mutalisk  
  77  6:15  Mutalisk x2  
  79  6:34  Drone, Infestation Pit  
  79  6:35  Drone x4  
  79  6:36  Mutalisk  
  79  6:37  Mutalisk  
  87  6:44  Drone  
  88  6:54  Overlord  
  88  6:55  Overlord x2  
  88  7:02  Hatchery  
  88  7:03  Zergling x2  
  88  7:05  Drone  
  89  7:11  Hive  
  89  7:12  Mutalisk  
  89  7:13  Overlord x3  
  91  7:35  Mutalisk x4  
  99  7:39  Drone x2  
  99  7:40  Zergling x4  
  99  7:41  Zergling x2  
  99  7:42  Mutalisk  
  106  8:03  Hatchery  
  99  8:19  Mutalisk x4  
  103  8:21  Drone x4  
  103  8:22  Zergling x8  
  103  8:23  Zergling x8  
  117  8:29  Drone  
  117  8:34  Greater Spire  
  118  8:36  Overlord x2  
  118  8:37  Drone x2  
  118  8:41  Extractor  
  119  8:42  Extractor  
  119  8:44  Spine Crawler x2  
  116  8:48  Drone x2  
  116  8:50  Mutalisk x2  
  122  9:00  Queen  
  122  9:01  Drone x2  
  122  9:02  Overlord x4  
  126  9:03  Overlord x2  
  126  9:29  Mutalisk x5  
  136  9:31  Drone x3  
  136  9:32  Drone x5  
  136  9:35  Queen  
  134  9:57  Mutalisk x2  
  134  9:58  Mutalisk x3  
  143  10:00  Drone x6  
  143  10:01  Drone  
  143  10:03  Extractor x2  
  143  10:06  Extractor  
  147  10:07  Extractor  
  146  10:14  Corruptor x2  
  146  10:15  Corruptor  
  146  10:17  Zergling x10  
  146  10:19  Drone x2  
  151  10:41  Hatchery  
  150  10:45  Hatchery  
  150  10:48  Corruptor x5  
  159  10:52  Drone x5  
  159  10:53  Drone x4  
  159  10:56  Brood Lord  
  166  11:17  Corruptor x3  
  161  11:24  Brood Lord  
  157  11:29  Spore Crawler  
  157  11:32  Spore Crawler  
  142  11:47  Brood Lord x2  
  142  11:51  Spore Crawler  
  143  11:54  Spore Crawler  
  143  11:56  Spore Crawler  
  141  12:03  Brood Lord x2  
  141  12:05  Zergling x12  
  141  12:06  Zergling x12  
  141  12:07  Zergling x4  
  149  12:35  Corruptor x3  
  149  12:36  Corruptor x2  
  155  12:42  Drone x3  
  155  12:43  Drone x3  
  161  12:53  Zerg Flyer Weapons Level 2  
  161  12:55  Overlord  
  161  12:56  Corruptor  
  163  13:04  Corruptor  
  163  13:05  Corruptor  
  161  13:21  Drone x3  
  161  13:22  Drone x8  
  161  13:23  Drone x4, Corruptor x2  
  161  13:24  Corruptor x2  
  128  14:05  Zergling x10  
  113  14:17  Corruptor x3  
  113  14:19  Mutalisk x4  
  113  14:20  Zergling x10  
  113  14:21  Zergling x2  
  110  14:38  Mutalisk x2  
  99  14:39  Zergling x4  
  99  14:45  Brood Lord x2  
  100  14:49  Drone x5  
  100  14:50  Drone x5  
  110  15:01  Brood Lord x2  
  113  15:07  Spine Crawler, Spore Crawler  
  113  15:09  Zerg Flyer Armor Level 1  
  113  15:10  Spine Crawler  
  91  15:47  Corruptor x6  
  91  15:48  Drone  
  91  15:49  Drone x7  
  112  15:50  Drone  
  104  16:20  Corruptor x2  
  104  16:21  Corruptor x3  
  104  16:23  Brood Lord x3  
  112  16:33  Drone x6  
  112  16:37  Brood Lord  
  109  16:55  Corruptor x2  
  109  16:56  Zergling x2  
  109  16:57  Mutalisk  
  109  17:00  Drone  
  109  17:01  Drone  
  116  17:46  Hatchery, Brood Lord x2  
  116  17:49  Mutalisk  
  116  17:50  Hatchery, Zergling x6  
  118  18:21  Drone x3  
Show
View Real Time Build Order
Export as new Build Order

Massa Terran 

Build Orders: Gas First Reaper Expand, Hellion Opening 

Get SALT Encoding   

  12  0:00  SCV  
  13  0:12  SCV  
  14  0:23  Supply Depot  
  14  0:24  SCV  
  15  0:30  Refinery  
  15  0:46  Barracks  
  15  0:47  SCV  
  16  0:59  SCV  
  17  1:11  SCV  
  18  1:23  SCV  
  19  1:33  Reaper  
  19  1:36  Orbital Command  
  20  1:48  Command Center  
  20  2:02  SCV  
  20  2:05  Marine  
  22  2:09  Factory  
  22  2:17  Supply Depot  
  22  2:18  SCV  
  23  2:23  Barracks Reactor  
  23  2:39  SCV  
  25  2:51  SCV  
  25  3:01  Supply Depot  
  25  3:03  Orbital Command  
  25  3:05  SCV  
  30  3:12  Hellion  
  30  3:13  Hellion  
  30  3:15  Barracks Tech Lab  
  30  3:17  SCV  
  31  3:29  SCV  
  31  3:31  SCV  
  37  3:34  Hellion x2  
  37  3:35  Marauder  
  39  3:41  SCV  
  39  3:43  SCV  
  39  3:45  Stimpack  
  41  3:52  Starport  
  41  3:53  SCV  
  46  3:55  Hellion x2  
  46  3:56  Supply Depot  
  46  3:58  SCV  
  47  4:03  Engineering Bay  
  47  4:05  SCV  
  47  4:07  Refinery  
  48  4:41  Hellion x2  
  48  4:44  Marauder  
  48  4:45  Medivac  
  55  4:50  Barracks  
  55  4:54  Refinery  
  55  4:55  Refinery  
  55  4:59  Missile Turret  
  55  5:05  Armory, Marauder  
  57  5:09  Supply Depot  
  57  5:11  Missile Turret  
  57  5:14  Engineering Bay  
  57  5:21  Missile Turret  
  57  5:22  Terran Infantry Weapons Level 1  
  57  5:31  Supply Depot  
  59  5:43  Widow Mine x2, Missile Turret  
  59  5:44  Marauder, Medivac  
  59  5:47  Barracks Reactor  
  65  5:54  Barracks  
  65  5:59  Concussive Shells  
  67  6:04  Widow Mine x2  
  59  6:16  Medivac  
  61  6:24  Missile Turret  
  65  6:25  Widow Mine  
  65  6:26  Widow Mine  
  65  6:29  SCV x2  
  69  7:01  Widow Mine x2  
  69  7:02  Marine x2  
  69  7:05  Barracks Tech Lab  
  69  7:07  Starport Tech Lab  
  73  7:10  SCV x2  
  73  7:15  Command Center  
  75  7:18  Terran Infantry Armor Level 1, Terran Infantry Weapons Level 2  
  75  7:19  Marine  
  75  7:20  Marine  
  75  7:21  Terran Vehicle And Ship Armor Level 1  
  75  7:22  SCV  
  78  7:29  Supply Depot  
  78  7:30  Supply Depot  
  78  7:50  Marine x2  
  78  7:51  SCV x2, Marauder x2  
  86  7:52  Supply Depot  
  86  7:55  Barracks  
  86  8:00  Factory Tech Lab  
  86  8:03  SCV  
  87  8:08  Marine  
  87  8:12  Marauder  
  90  8:16  Supply Depot  
  90  8:29  Siege Tank  
  90  8:31  Marauder, Marine x2  
  90  8:34  Marauder  
  99  8:37  Orbital Command  
  99  8:44  SCV x2  
  101  8:49  Marine  
  101  8:52  Marauder, Combat Shield  
  101  8:55  Marauder  
  106  8:56  SCV  
  106  9:01  Marine  
  106  9:02  Siege Tank  
  111  9:07  Marine  
  108  9:14  Marauder  
  108  9:16  Marauder  
  112  9:19  Marine  
  113  9:25  Marine  
  114  9:34  Siege Tank  
  114  9:35  Terran Infantry Armor Level 2, Marauder  
  114  9:36  Terran Infantry Weapons Level 3  
  114  9:37  Marine  
  114  9:38  Marauder  
  122  9:42  Marine  
  122  9:44  SCV  
  122  9:45  SCV  
  125  10:02  Orbital Command  
  125  10:10  Supply Depot x2  
  125  10:11  Terran Vehicle Weapons Level 1  
  125  10:12  Supply Depot  
  125  10:13  Armory  
  125  10:31  SCV x2, Marauder, Marine x3  
  125  10:33  Supply Depot  
  132  10:43  SCV x2  
  132  10:49  Marauder, Marine x2  
  138  10:53  Marauder  
  138  10:55  SCV  
  141  11:05  Raven  
  141  11:07  Marine x2  
  141  11:11  Marauder  
  147  11:14  Marauder  
  149  11:28  SCV  
  149  11:29  SCV x2, Missile Turret  
  149  11:30  Missile Turret  
  149  11:31  Missile Turret  
  149  11:32  Marauder  
  154  11:41  SCV x3  
  153  11:47  Raven  
  153  11:50  Missile Turret  
  153  11:53  SCV  
  141  12:17  Marauder x2, Marine  
  141  12:18  Marine  
  142  12:27  Siege Tank  
  145  12:30  Raven  
  145  12:35  Marine  
  145  12:36  Marine  
  149  12:38  Barracks, Marauder x2  
  149  12:40  Refinery, SCV x3  
  156  12:45  Command Center  
  156  12:52  SCV  
  156  12:53  Barracks, Terran Infantry Armor Level 3  
  156  12:54  Neosteel Armor  
  156  12:55  Terran Vehicle And Ship Armor Level 2, Terran Vehicle Weapons Level 2  
  156  12:56  Barracks  
  157  13:01  Supply Depot  
  157  13:03  Supply Depot  
  157  13:05  Supply Depot  
  157  13:22  Marine x2  
  157  13:23  SCV x2, Marauder x2  
  157  13:25  SCV, Siege Tank  
  169  13:27  Supply Depot  
  169  13:30  Supply Depot  
  169  13:33  Supply Depot  
  169  13:40  Marine x2  
  171  13:44  Marauder x2  
  167  13:52  Supply Depot  
  115  13:55  Supply Depot  
  115  13:57  Siege Tank  
  115  13:58  Supply Depot  
  106  14:03  Marine x2  
  106  14:05  Marine x2  
  91  14:17  Supply Depot  
  91  14:20  Marine  
  91  14:21  Marine  
  91  14:22  Supply Depot  
  91  14:23  Marauder x2  
  89  14:27  Marine  
  89  14:28  Marine x2  
  89  14:30  Orbital Command  
  84  14:34  Hi-Sec Auto Tracking  
  84  14:38  Marine  
  84  14:39  Marine  
  84  14:41  Barracks  
  84  14:43  Barracks  
  84  14:45  Marauder x2, Marine  
  87  14:46  Marine x2  
  87  14:50  Siege Tank  
  93  14:56  Marine  
  93  14:57  Marine  
  95  15:03  Marine  
  95  15:04  Marine x2  
  95  15:06  Marauder x2  
  102  15:14  Marine x2  
  102  15:21  Marine x3  
  104  15:22  Siege Tank  
  104  15:27  Marine x2  
  104  15:28  Command Center  
  112  15:32  Marine x2  
  112  15:34  Marine  
  112  15:35  Marine  
  112  15:39  Marine x3  
  115  15:45  Marauder x2  
  115  15:49  Marine  
  119  15:50  Marine  
  119  15:52  Medivac  
  119  15:54  Siege Tank  
  123  16:07  Marauder x2  
  123  16:11  Command Center  
  127  16:21  Marine x7  
  127  16:22  Medivac  
  136  16:26  Siege Tank  
  136  16:28  Marauder x2  
  143  16:38  Marine  
  143  16:39  Marine x6  
  147  16:50  Marauder x2  
  147  16:52  Medivac  
  142  16:56  Marine  
  142  16:57  Marine x6  
  142  16:58  Siege Tank  
  131  17:11  Marauder x2  
  131  17:14  Marine  
  131  17:15  Marine x6  
  141  17:22  Medivac  
  142  17:30  Thor  
  142  17:32  Marauder x2, Marine x7  
  157  17:52  Medivac  
  157  17:54  Marauder x2  
  156  18:08  Marine x2  
  156  18:09  Marine x5  
  163  18:15  Marine x2  
  171  18:22  Medivac  
  171  18:26  Marine x7  
  151  18:32  Marine x2  
Show
View Real Time Build Order
Export as new Build Order

Koronawirus Protoss - Winner!

Build Orders:  

Get SALT Encoding   

  12  0:00  Probe (Chrono Boost)  
  13  0:13  Probe (Chrono Boost)  
  14  0:21  Pylon  
  14  0:26  Probe  
  15  0:39  Probe  
  16  0:51  Probe  
  16  0:54  Gateway  
  17  0:59  Assimilator  
  17  1:03  Probe  
  18  1:32  Gateway  
  18  1:44  Probe  
  18  1:56  Probe (Chrono Boost)  
  18  1:57  Zealot (Chrono Boost)  
  21  2:08  Probe (Chrono Boost)  
  22  2:12  Probe (Chrono Boost)  
  23  2:19  Nexus  
  23  2:31  Pylon  
  23  2:42  Cybernetics Core  
  23  2:45  Pylon  
  23  2:49  Probe  
  24  3:01  Probe, Forge  
  25  3:11  Pylon  
  25  3:13  Probe (Chrono Boost)  
  25  3:18  Twilight Council  
  26  3:24  Probe (Chrono Boost)  
  27  3:29  Probe (Chrono Boost)  
  27  3:31  Warp Gate (Chrono Boost)  
  27  3:33  Assimilator, Stalker x2  
  32  3:38  Probe  
  32  3:40  Probe  
  34  3:46  Photon Cannon  
  34  3:50  Probe  
  35  4:01  Probe  
  36  4:11  Photon Cannon  
  36  4:16  Photon Cannon  
  36  4:17  Probe, Pylon  
  36  4:24  Probe  
  38  4:40  Stalker (Chrono Boost)  
  38  4:41  Stalker (Chrono Boost)  
  43  4:45  Probe x2  
  43  4:50  Protoss Ground Weapons Level 1  
  44  4:57  Probe  
  44  4:58  Probe  
  44  4:59  Pylon  
  46  5:02  Pylon  
  46  5:10  Probe x2  
  46  5:14  Assimilator  
  48  5:18  Assimilator  
  48  5:22  Probe x2  
  48  5:24  Gateway  
  48  5:25  Gateway  
  50  5:28  Robotics Facility  
  50  5:34  Probe x2  
  52  5:38  Photon Cannon  
  52  5:41  Photon Cannon  
  52  5:56  Stalker x2  
  56  5:57  Blink (Chrono Boost)  
  57  6:06  Probe (Chrono Boost)  
  57  6:07  Probe (Chrono Boost)  
  59  6:18  Probe (Chrono Boost)  
  59  6:22  Stalker x3  
  59  6:23  Stalker  
  67  6:36  Photon Cannon  
  67  6:40  Photon Cannon  
  67  6:41  Observer (Chrono Boost)  
  69  6:51  Probe (Chrono Boost)  
  70  6:54  Probe (Chrono Boost)  
  70  7:04  Stalker x4  
  78  7:23  Protoss Air Weapons Level 1  
  78  7:28  Nexus  
  78  7:32  Photon Cannon, Assimilator  
  78  7:34  Photon Cannon  
  78  7:36  Assimilator  
  78  7:37  Photon Cannon  
  78  7:40  Photon Cannon  
  78  7:59  Probe  
  78  8:00  Probe  
  76  8:19  Probe x2  
  73  8:29  Stargate  
  73  8:31  Probe, Stargate  
  73  8:33  Stargate  
  74  8:37  Stargate  
  74  8:38  Nexus  
  74  8:46  Pylon  
  74  8:47  Pylon  
  74  8:49  Pylon  
  74  9:20  Stalker x3  
  74  9:23  Probe x2  
  82  9:29  Phoenix x4 (Chrono Boost)  
  90  9:38  Probe (Chrono Boost)  
  92  9:43  Probe (Chrono Boost)  
  92  9:45  Phoenix x4 (Chrono Boost)  
  92  9:48  Probe (Chrono Boost)  
  92  9:52  Probe (Chrono Boost)  
  102  9:57  Fleet Beacon  
  102  9:58  Protoss Shields Level 1 (Chrono Boost)  
  102  10:09  Phoenix x3  
  102  10:11  Phoenix  
  110  10:17  Probe (Chrono Boost)  
  110  10:19  Probe x2 (Chrono Boost)  
  113  10:23  Pylon  
  108  10:29  Probe  
  103  10:37  Phoenix x2  
  107  10:58  Nexus  
  107  11:31  Void Ray  
  107  11:34  Void Ray  
  109  11:57  Anion Pulse-Crystals (Chrono Boost)  
  109  12:04  Void Ray x2  
  109  12:14  Phoenix  
  119  12:16  Pylon x2  
  119  12:17  Phoenix  
  119  12:18  Pylon  
  119  12:20  Pylon  
  119  12:22  Pylon  
  111  12:39  Phoenix  
  111  12:41  Void Ray  
  111  12:42  Phoenix  
  115  12:47  Phoenix  
  121  12:55  Pylon  
  121  12:59  Pylon  
  121  13:02  Pylon  
  119  13:06  Photon Cannon  
  119  13:11  Phoenix x2  
  119  13:12  Phoenix  
  125  13:24  Phoenix  
  127  13:27  Probe x2  
  129  13:36  Phoenix x2  
  129  13:39  Probe x2  
  135  13:41  Void Ray  
  135  13:43  Void Ray  
  131  13:51  Probe x2  
  131  13:55  Void Ray x2  
  137  14:03  Probe  
  137  14:04  Probe  
  137  14:15  Probe  
  137  14:16  Probe  
  129  14:18  Void Ray  
  129  14:22  Void Ray  
  121  14:32  Void Ray  
  121  14:37  Void Ray  
  125  14:54  Probe x2  
  127  15:06  Probe, Nexus  
  128  15:09  Assimilator  
  128  15:13  Assimilator  
  128  15:15  Pylon, Void Ray x2  
  128  15:18  Pylon  
  128  15:20  Pylon  
  128  15:22  Pylon, Flux Vanes  
  136  15:29  Void Ray x2  
  136  15:53  Void Ray (Chrono Boost)  
  136  16:00  Photon Cannon  
  136  16:01  Photon Cannon  
  136  16:02  Photon Cannon, Void Ray (Chrono Boost)  
  140  16:04  Photon Cannon, Void Ray x2 (Chrono Boost)  
  140  16:06  Photon Cannon  
  140  16:07  Photon Cannon  
  150  16:27  Void Ray (Chrono Boost)  
  154  16:33  Void Ray (Chrono Boost)  
  158  16:40  Nexus  
  158  16:42  Assimilator  
  158  16:43  Assimilator  
  158  16:49  Void Ray x2  
  142  16:56  Void Ray  
  118  17:08  Void Ray  
  116  17:26  Void Ray  
  116  17:27  Stalker x2  
  120  17:34  Void Ray  
  118  18:02  Void Ray x2  
  115  18:09  Void Ray  
Show
View Real Time Build Order
Export as new Build Order

kotprezesa Terran - Winner!

Build Orders:  

Get SALT Encoding   

  12  0:02  SCV  
  13  0:17  SCV  
  14  0:27  Supply Depot  
  14  0:30  SCV  
  14  0:31  Refinery  
  15  0:49  SCV  
  16  0:52  Barracks  
  16  1:01  SCV  
  17  1:13  SCV  
  18  1:25  SCV  
  19  1:37  SCV  
  20  1:43  Reaper  
  21  1:49  Command Center  
  21  1:53  Orbital Command  
  21  2:05  Supply Depot  
  21  2:19  SCV  
  21  2:21  Supply Depot  
  22  2:28  Barracks  
  22  2:30  Barracks Tech Lab  
  22  2:33  Barracks Reactor, SCV  
  23  2:45  Refinery  
  23  2:46  SCV  
  24  2:58  SCV  
  25  3:04  Factory  
  25  3:05  Orbital Command  
  25  3:09  Marine  
  25  3:10  Marine  
  25  3:11  SCV  
  27  3:17  Barracks Tech Lab  
  27  3:23  SCV  
  28  3:27  Marine x2  
  28  3:31  SCV  
  31  3:35  SCV  
  31  3:39  Engineering Bay  
  32  3:41  Stimpack  
  32  3:43  SCV  
  32  3:45  Marine  
  32  3:47  SCV  
  35  3:48  Factory Tech Lab  
  35  3:55  SCV  
  36  4:00  SCV  
  36  4:01  Marine, Supply Depot  
  36  4:02  Marine  
  39  4:03  Marine  
  39  4:07  SCV  
  39  4:09  Missile Turret  
  41  4:12  SCV, Missile Turret  
  42  4:19  SCV  
  42  4:20  Siege Tank  
  42  4:21  Marine  
  47  4:27  Engineering Bay  
  47  4:44  Marine x3  
  50  4:48  Terran Infantry Weapons Level 1  
  50  4:52  Siege Tank  
  53  4:53  Terran Infantry Armor Level 1  
  53  4:57  SCV x2  
  55  5:00  Refinery  
  55  5:05  Supply Depot  
  55  5:10  Marine  
  55  5:11  Marine x2  
  55  5:12  SCV  
  59  5:19  Starport  
  59  5:20  SCV  
  60  5:23  Barracks  
  60  5:24  Barracks  
  60  5:28  Marine  
  60  5:29  SCV, Marine  
  63  5:37  Siege Tank  
  63  5:41  SCV  
  67  5:48  Command Center  
  67  5:54  Marine  
  68  5:59  Supply Depot  
  68  6:01  Supply Depot  
  68  6:04  Refinery  
  68  6:12  SCV x2  
  68  6:14  Barracks Reactor, Barracks Tech Lab  
  68  6:16  Starport Reactor  
  70  6:20  Marine x3  
  70  6:21  Siege Tank  
  70  6:24  SCV x2  
  78  6:26  Missile Turret  
  78  6:27  Supply Depot  
  78  6:28  Missile Turret, Supply Depot  
  78  6:35  Missile Turret  
  78  6:36  SCV  
  78  6:38  Armory  
  78  6:39  Marauder, Combat Shield  
  81  6:44  SCV  
  81  6:45  Marine  
  83  6:48  SCV  
  84  6:56  SCV, Missile Turret  
  84  7:01  SCV, Supply Depot  
  86  7:02  Marauder, Marine  
  86  7:03  Medivac  
  86  7:06  Orbital Command  
  91  7:14  Marine  
  91  7:15  Marauder, Siege Tank  
  97  7:18  Medivac  
  97  7:20  SCV  
  97  7:22  Supply Depot  
  100  7:24  Marine  
  100  7:27  SCV  
  102  7:32  SCV, Missile Turret  
  102  7:36  SCV, Missile Turret  
  104  7:37  Missile Turret  
  104  7:41  Refinery x2, SCV  
  105  7:46  Terran Infantry Weapons Level 2  
  105  7:48  Supply Depot  
  105  7:52  Terran Infantry Armor Level 2  
  105  7:54  Terran Vehicle Weapons Level 1  
  105  7:58  Marine, Concussive Shells  
  105  7:59  Marauder  
  105  8:00  SCV  
  105  8:01  SCV  
  104  8:26  Marine  
  104  8:27  Marauder x2, Marine  
  104  8:28  Siege Tank  
  104  8:29  SCV x2  
  115  8:35  Starport  
  115  8:37  Marine x2  
  115  8:38  Medivac  
  120  8:41  SCV  
  120  8:48  SCV x2  
  122  8:49  Marauder  
  122  8:52  Supply Depot  
  124  8:59  Marine x2  
  124  9:00  Marauder, Marine, Siege Tank  
  124  9:02  Barracks  
  132  9:03  Barracks  
  132  9:07  SCV x2, Factory  
  134  9:11  SCV  
  134  9:12  Marauder, Marine  
  134  9:13  Medivac  
  134  9:14  Medivac  
  134  9:15  Starport Tech Lab  
  142  9:17  Marine x2  
  142  9:19  SCV  
  142  9:21  Marauder  
  147  9:27  Marine  
  147  9:29  Marine  
  149  9:41  Supply Depot  
  148  9:48  Marauder  
  148  9:51  Siege Tank  
  148  9:58  Marine  
  149  10:00  Barracks Reactor, Barracks Tech Lab  
  149  10:01  Factory Tech Lab  
  149  10:10  Missile Turret  
  149  10:12  Missile Turret  
  149  10:13  Missile Turret  
  149  10:26  Supply Depot x2  
  149  10:27  Supply Depot  
  149  10:29  Supply Depot  
  149  10:33  Missile Turret  
  149  10:37  Missile Turret  
  149  10:47  Medivac  
  149  10:48  Marauder x2, Raven, Marine x7, Medivac, Siege Tank x2  
  172  10:55  SCV  
  173  10:59  Supply Depot  
  171  11:06  Marauder  
  171  11:09  Marine  
  171  11:10  Marauder x2  
  178  11:16  Marine  
  178  11:17  Marine x2, Medivac  
  177  11:19  SCV  
  177  11:20  SCV  
  179  11:28  Marauder  
  179  11:31  Marauder, Raven  
  185  11:32  Command Center  
  185  11:35  Missile Turret  
  185  11:37  Missile Turret  
  185  11:38  Marine x2  
  185  11:39  Marauder  
  189  11:42  Marine  
  189  11:45  Marine x2  
  189  11:46  Marine, Siege Tank  
  187  11:49  Marauder  
  187  11:54  Marauder  
  188  11:57  Missile Turret x2  
  188  12:01  Marine  
  189  12:10  Supply Depot  
  189  12:12  Supply Depot  
  189  12:13  Supply Depot  
  189  12:16  Supply Depot  
  189  12:17  Marine  
  189  12:18  Marauder  
  189  12:19  Missile Turret x2  
  189  12:20  Marine  
  189  12:32  Marauder x2, Marine x3  
  196  12:39  Marauder  
  196  12:40  Missile Turret  
  195  12:44  Marine  
  195  12:45  Marine  
  197  12:54  Marauder  
  197  13:12  Marine  
  200  13:13  Marauder  
  124  14:10  Marine x2  
  124  14:11  Marauder x2, Marine x3  
  131  14:19  Marine  
  131  14:20  Marauder  
  131  14:21  Medivac x2, Siege Tank x2  
  131  14:22  Raven  
  142  14:28  Marine x2  
  142  14:29  Marine x3  
  142  14:31  Terran Infantry Weapons Level 3, Terran Vehicle Weapons Level 2, Terran Infantry Armor Level 3  
  144  14:33  Marauder x2  
  144  14:37  Marine  
  147  14:41  Marauder  
  149  14:46  Marine x3  
  149  14:50  Marine x2  
  154  14:53  Siege Tank  
  154  14:54  Marauder x2  
  154  14:55  Marine, Planetary Fortress  
  162  15:00  SCV x3  
  162  15:03  Marauder  
  162  15:05  Raven  
  169  15:10  Marine x2  
  169  15:11  Medivac x2, Siege Tank  
  169  15:12  SCV  
  178  15:15  Marauder  
  178  15:16  Marauder  
  182  15:24  Marauder  
  182  15:25  Siege Tank  
  186  15:33  Marine x2  
  183  15:37  Marauder x2  
  183  15:39  Marine x2  
  189  15:43  Siege Tank  
  189  15:46  Marauder  
  191  15:50  Marine x2  
  193  15:57  Siege Tank  
  193  15:58  Marauder x2  
  191  16:15  Siege Tank  
  191  16:17  Marauder, Marine x4  
  194  16:19  Marauder  
  194  16:20  Marauder  
  194  16:21  Marine x2  
  200  16:56  Refinery  
  200  16:57  Refinery  
  200  16:58  Supply Depot x2  
  200  16:59  Supply Depot  
  200  17:01  Supply Depot x2  
  200  17:02  Command Center  
  200  17:05  Refinery, Supply Depot x2  
  200  17:06  Refinery, Supply Depot  
  200  17:07  Supply Depot  
  200  17:08  Missile Turret  
  200  17:30  Missile Turret  
  200  17:32  Missile Turret  
  183  18:17  Marine x2  
  183  18:18  Marine x3  
  185  18:27  Marine x3  
  176  18:28  Marauder  
Tags
 
Add a new tag
Caveats
  • Supply blocks, unpowered buildings, or Contaminate may cause inaccurate times.
  • Supply counts are checked every 10 seconds.